 Dungeon Crawl Stone Soup version 0.17-a0-1403-g9df874c (webtiles) character file.

5161 jajajajaja the Basher (level 10, -4/101 HPs)
             Began as a Minotaur Fighter on June 20, 2015.
             Was a Priest of Okawaru.
             Slain by a killer bee (7 damage)
             ... on level 11 of the Dungeon.
             The game lasted 01:50:45 (13185 turns).

jajajajaja the Basher (Minotaur Fighter)           Turns: 13185, Time: 01:50:45

Health: -4/101     AC: 16    Str: 25    XL:     10   Next: 33%
Magic:  7/9        EV: 11    Int:  5    God:    Okawaru [***...]
Gold:   123        SH: 14    Dex: 11    Spells: 0 memorised, 9 levels left

rFire  . . .     SeeInvis .     d - +1 whip (flame)
rCold  + . .     Clarity  .     p - +1 chain mail
rNeg   . . .     SustAt   .     c - +0 shield
rPois  .         Gourm    .     (helmet restricted)
rElec  .         Spirit   .     h - +0 cloak {MR+}
rCorr  .         Warding  .     (no gloves)
rMut   .         Stasis   .     (no boots)
MR     +....                    (no amulet)
Stlth  ..........               (no ring)
                                w - ring of loudness (curse)

@: lethally poisoned (-4 -> -4), heroism, somewhat resistant to hostile
enchantments, extremely unstealthy
A: retaliatory headbutt, horns 2, blurry vision 2, cold resistance 1, robust 1,
strong 1, evolution 1
a: Heroism, Renounce Religion


You were on level 11 of the Dungeon.
You worshipped Okawaru.
Okawaru was most pleased with you.
You were very hungry.

You visited 2 branches of the dungeon, and saw 11 of its levels.

You collected 123 gold pieces.

Inventory:

Hand weapons
 d - a +1 whip of flaming (weapon)
 m - a +4 flail of holy wrath
Missiles
 B - 6 steel javelins (quivered)
Armour
 c - a +0 shield (worn)
 h - a +0 cloak of magic resistance (worn)
 p - a +1 chain mail (worn)
Jewellery
 b - an uncursed ring of wizardry
 q - an uncursed amulet of resist mutation
 w - a cursed ring of loudness (left hand)
Magical devices
 e - a wand of fireball (3)
 u - a wand of polymorph (17)
 v - a wand of paralysis (14)
Scrolls
 g - a scroll of enchant armour
 i - 9 scrolls of identify
 l - a scroll of recharging
 n - a scroll of noise {unknown}
Potions
 f - a potion of brilliance
 o - a potion of berserk rage
 t - 2 potions of curing
 z - a potion of ambrosia {unknown}
 A - a potion of flight {unknown}
Comestibles
 x - 4 bread rations


   Skills:
 + Level 9.7(14.7) Fighting
 - Level 10.0(15.0) Maces & Flails
 + Level 9.8(14.8) Armour
 + Level 9.7(14.7) Shields


You had 9 spell levels left.
You didn't know any spells.

Dungeon Overview and Level Annotations

Branches:
Dungeon (11/15)            Temple (1/1) D:5
   Lair: D:8-11         Orc: D:9-12

Altars:
Ashenzari
Cheibriados
Dithmenos
Elyvilon
Fedhas
Gozag
Kikubaaqudgha
Makhleb
Nemelex Xobeh
Okawaru
Qazlal
Ru
Sif Muna
Trog
Vehumet
Xom
Yredelemnul
Zin
The Shining One

Shops:
D:6 }

Annotations:
D:10 Maurice


Innate Abilities, Weirdness & Mutations

You reflexively headbutt those who attack you in melee.
You have a pair of horns on your head.
Scrolls take you longer to read.
Your flesh is cold resistant.
You are robust (+10% HP).
Your muscles are strong. (Str +2)
You evolve.


Message History

The giant frog skeleton hits you but does no damage.
You hit the giant frog skeleton. You burn the giant frog skeleton.
You block the killer bee's attack. The killer bee stings you!
* * * LOW HITPOINT WARNING * * *
The killer bee stings you but does no damage.
You block the centaur skeleton's attack.
The giant frog skeleton hits you but does no damage.
You whack the centaur skeleton! You burn the centaur skeleton.
You destroy the centaur skeleton!
Okawaru accepts your kill. The killer bee barely misses you.
The killer bee stings you but does no damage. x2
You whack the giant frog skeleton! You burn the giant frog skeleton.
You destroy the giant frog skeleton!
Okawaru accepts your kill. You block the killer bee's attack.
The killer bee stings you but does no damage.
You block the killer bee's attack.
You feel sick. The killer bee stings you!
You die...

..# #........§.....# ..#
#......?.......# ..#
#...§.§...# ..#
#...§§....# ..# #..#
#.........# ..# #..#
#.........#### ..#
#..###....y........
..####......)..yy.......
...............y@......#
.............########..#
.............# ..
.<...........#
.............#
.........$.......
..................
...................
.###....###........


You could see 4 killer bees.

Vanquished Creatures
  Pikel (D:7)
  A deep elf mage (D:11)
  A hungry ghost (D:11)
  A mottled dragon (D:11)
  Edmund (D:5)
  3 orc warriors
  5 sky beasts
  2 ice beasts (D:7)
  2 phantoms
  4 ogres
  4 centaurs
  5 giant frogs
  A big kobold (D:11)
  A wyvern skeleton (D:11)
  2 scorpions (D:7)
  8 killer bees (D:11)
  A crimson imp (D:7)
  2 jellies
  4 hounds
  A quasit (D:7)
  Crazy Yiuf (D:7)
  A giant frog zombie (D:7)
  A giant frog skeleton (D:11)
  7 worker ants
  Terence (D:3)
  6 iguanas
  2 centaur skeletons (D:11)
  5 orc priests
  9 orc wizards
  A worker ant zombie (D:6)
  14 adders
  7 gnolls
  2 shadow imps
  An ooze (D:1)
  2 worms (D:2)
  8 giant geckos
  28 orcs
  A ball python (D:3)
  13 bats
  3 bat skeletons
  9 giant cockroaches
  17 goblins
  19 hobgoblins
  6 quokkas
  6 giant newts
  5 jackals
  A jackal skeleton (D:6)
  12 kobolds
  A quokka zombie (D:7)
  16 rats
255 creatures vanquished.

Vanquished Creatures (others)
  A worker ant zombie (D:7)
1 creature vanquished.

Grand Total: 256 creatures vanquished

Notes
Turn   | Place    | Note
--------------------------------------------------------------
     0 | D:1      | jajajajaja the Minotaur Fighter began the quest for the Orb.
     0 | D:1      | Reached XP level 1. HP: 19/19 MP: 0/0
   275 | D:1      | Reached XP level 2. HP: 26/26 MP: 1/1
   600 | D:1      | Reached skill level 4 in Maces & Flails
   665 | D:1      | Reached XP level 3. HP: 29/31 MP: 2/2
  1656 | D:2      | Reached skill level 5 in Maces & Flails
  2016 | D:2      | Reached XP level 4. HP: 39/39 MP: 3/3
  2104 | D:2      | Reached skill level 6 in Maces & Flails
  2452 | D:2      | Found a burning altar of Makhleb.
  2476 | D:2      | Found a radiant altar of Vehumet.
  2554 | D:2      | Found an iron altar of Okawaru.
  2571 | D:2      | Became a worshipper of Warmaster Okawaru
  3149 | D:3      | Found a sparkling altar of Nemelex Xobeh.
  3150 | D:3      | Found an opulent altar of Gozag.
  3174 | D:3      | Noticed Terence
  3183 | D:3      | Killed Terence
  3183 | D:3      | Reached XP level 5. HP: 23/45 MP: 4/4
  3972 | D:3      | Reached skill level 7 in Maces & Flails
  3985 | D:3      | Noticed an orc warrior
  4002 | D:3      | Killed an orc warrior
  4002 | D:3      | Reached XP level 6. HP: 26/51 MP: 5/5
  4063 | D:3      | Reached skill level 8 in Maces & Flails
  4255 | D:3      | Found a sacrificial altar of Ru.
  4490 | D:3      | You fall through a shaft for 2 floors!
  4490 | D:5      | Entered Level 5 of the Dungeon
  4498 | D:5      | Acquired Okawaru's first power
  5389 | D:4      | Reached skill level 9 in Maces & Flails
  5810 | D:4      | Reached XP level 7. HP: 11/57 MP: 3/6
  6712 | D:5      | Found a staircase to the Ecumenical Temple.
  6727 | D:5      | Reached skill level 10 in Maces & Flails
  6733 | Temple   | Entered the Ecumenical Temple
  7931 | D:5      | Reached XP level 8. HP: 67/67 MP: 7/7
  7944 | D:5      | Noticed Edmund
  7957 | D:5      | Killed Edmund
  7957 | D:5      | Reached skill level 5 in Fighting
  7957 | D:5      | Reached skill level 5 in Armour
  7977 | D:5      | Reached skill level 5 in Shields
  8418 | D:6      | Gained mutation: Scrolls take you a little longer to read. [mutagenic meat]
  8419 | D:6      | Gained mutation: Your flesh is cold resistant. [mutagenic meat]
  8420 | D:6      | Gained mutation: You evolve. [mutagenic meat]
  8421 | D:6      | Gained mutation: Scrolls take you longer to read. [mutagenic meat]
  8422 | D:6      | Gained mutation: You are frail (-10% HP). [mutagenic meat]
  8951 | D:6      | Found a stormy altar of Qazlal.
  8951 | D:6      | Found a shimmering altar of Xom.
  8952 | D:6      | Found a bloodstained altar of Trog.
  8996 | D:6      | Found Soqok's Gadget Emporium.
  9725 | D:7      | Reached XP level 9. HP: 60/70 MP: 8/8
  9984 | D:7      | Gained mutation: Your muscles are strong. (Str +2) [mutagenic meat]
  9985 | D:7      | Lost mutation: You are frail (-10% HP). [mutagenic meat]
  9986 | D:7      | Gained mutation: Armour fits poorly on your strangely shaped body. [mutagenic meat]
  9987 | D:7      | Lost mutation: Armour fits poorly on your strangely shaped body. [mutagenic meat]
  9988 | D:7      | Gained mutation: You are robust (+10% HP). [mutagenic meat]
 10509 | D:7      | Found a basalt altar of Yredelemnul.
 10923 | D:7      | Noticed Crazy Yiuf
 10927 | D:7      | Killed Crazy Yiuf
 11444 | D:7      | Noticed Pikel
 11463 | D:7      | Killed Pikel
 11622 | D:7      | Found a glowing golden altar of the Shining One.
 11624 | D:7      | Noticed an angel
 11862 | D:8      | You fall through a shaft for 3 floors!
 11949 | D:11     | Reached XP level 10. HP: 71/100 MP: 9/9
 12782 | D:11     | Received a gift from Okawaru
 12996 | D:10     | Entered Level 10 of the Dungeon
 13024 | D:10     | Noticed Maurice
 13110 | D:10     | Noticed a hill giant
 13182 | D:11     | HP: 4/101 [killer bee (7)]
 13185 | D:11     | Slain by a killer bee

Vault maps used:
D:1:      tarquinn_simple_flora_water_c, minmay_cupped
D:2:      minitemple, okawaru_gym_becter, first_bread
D:3:      kennysheep_big_flooded_room, grunt_temple_overflow_opulence,
          hangedman_ru_absence, uniq_terence
D:4:      nicolae_underground_beach
D:5:      minmay_temple_entry_trees, uniq_edmund
D:6:      gammafunk_temple_overflow_claw, serial_shops, shop, abandoned_shop,
          nrook_uturn
D:7:      grunt_temple_overflow_holy_war, uniq_pikel, uniq_crazy_yiuf_cottage
D:8:      lair_0_dummy, hangedman_tree_tricks, grunt_ministairs_3
D:10:     hiddenorc1_lemuel, serial_shops, kennysheep_little_box, uniq_psyche,
          uniq_josephine, uniq_maurice, uniq_grum
D:11:     uniq_snorg
Temple:   cyrus_temple_forest_13

Action                   |  1- 3 |  4- 6 |  7- 9 | 10-12 || total
-------------------------+-------+-------+-------+-------++-------
Melee: Flail             |   104 |   138 |   364 |       ||   606
       Whip              |       |       |    47 |   207 ||   254
Invok: Heroism           |       |     1 |     3 |     3 ||     7
  Use: Scroll            |     3 |     1 |     5 |     2 ||    11
       Potion            |     2 |    11 |     3 |     2 ||    18
  Eat: Bread ration      |     1 |     2 |     2 |       ||     5
       Meat ration       |       |     1 |       |       ||     1
       Fruit             |       |       |     7 |       ||     7
       Chunk             |       |       |    12 |       ||    12
       Beef jerky        |       |       |     1 |     1 ||     2
       Pizza             |       |       |     1 |       ||     1
